 Dungeon Crawl Stone Soup version 0.31-a0-795-g5eb97db20b (webtiles) character file.

Game seed: 12205634389146129281

70 Shayle the Trooper (level 4, 0/45 HPs)
             Began as an Ogre Hexslinger on Sept 19, 2023.
             Slain by a goblin
             ... wielding a +0 club
             ... led by Robin
              (4 damage)
             ... on level 3 of the Dungeon.
             The game lasted 00:01:34 (1070 turns).

Shayle the Trooper (Ogre Hexslinger)                Turns: 1070, Time: 00:01:35

Health: 0/45       AC:  3    Str: 12    XL:     4   Next: 21%
Magic:  7/7        EV: 10    Int: 16    God:
Gold:   36         SH:  0    Dex: 11    Spells: 8/8 levels left

rFire   . . .        a - +1 sling
rCold   . . .        (no shield)
rNeg    . . .        c - +0 robe
rPois   .            (helmet restricted)
rElec   .            (no cloak)
rCorr   .            (gloves unavailable)
SInv    .            (boots unavailable)
Will    .....        f - amulet of magic regeneration
Stlth   +            (no ring)
HPRegen 0.27/turn    (no ring)
MPRegen 0.50/turn

%: no passive effects
@: no status effects
A: large, unfitting armour, tough skin 1
a: no special abilities


You were on level 3 of the Dungeon.
You visited 1 branch of the dungeon, and saw 3 of its levels.

You collected 36 gold pieces.

Inventory:

Hand Weapons
 a - a +1 sling (weapon)
Armour
 c - a +0 robe (worn)
Jewellery
 f - an amulet of magic regeneration (around neck)
Scrolls
 d - 2 scrolls of identify {unknown}
 e - a scroll of teleportation {unknown}
 h - a scroll of revelation {unknown}
 j - a scroll of blinking {unknown}
Potions
 g - a potion of cancellation {unknown}
 i - 2 potions of curing {unknown}


   Skills:
 + Level 3.2 Fighting
 - Level 1.3 Ranged Weapons
 - Level 1.7 Dodging
 + Level 1.7 Unarmed Combat
 + Level 2.6 Spellcasting
 - Level 2.6 Hexes
 - Level 0.8 Fire Magic


You had 8 spell levels left.
You didn't know any spells.
Your spell library contained the following spells:

 Spells                   Type           Power      Damage    Failure   Level
 Jinxbite                 Hex            20%        N/A       10%         2
 Sigil of Binding         Hex            10%        N/A       19%         3
 Inner Flame              Hex/Fire       7%         N/A       28%         3
 Cause Fear               Hex            5%         N/A       54%         4
 Dimensional Bullseye     Hex/Tloc       3%         N/A       73%         4


Dungeon Overview and Level Annotations

Branches:
Dungeon (3/15)

Altars:

Annotations:
D:2 Robin


Innate Abilities, Weirdness & Mutations

You are too large for most types of armour.
You have tough skin. (AC +1)


Message History

The quokka attacks as it pursues you! The quokka bites you.
The goblin attacks as it pursues you! The goblin closely misses you.
The goblin hits you with a +0 club.
A goblin comes into view. It is wielding a +0 dagger.
The quokka attacks as it pursues you! The quokka bites you.
The goblin barely misses you. The quokka attacks as it pursues you!
The quokka bites you.
* * * LOW HITPOINT WARNING * * *
The quokka completely misses you.
Robin of the Strong Arm comes into view.
They are wielding a +0 mace.
Robin roars a battlecry!
The goblins go into a battle-frenzy!
The quokka attacks as it pursues you! The quokka barely misses you.
The goblin attacks as it pursues you! The goblin hits you with a +0 club.
* * * LOW HITPOINT WARNING * * *
There is a stone staircase leading down here.
The quokka barely misses you.
The quokka bites you but does no damage.
You climb downwards.
The gnoll shouts! x2; The orc shouts!
The orc wizard shouts!
The orc shouts! x2
Found three items.
Found an escape hatch in the floor.
Found a stone staircase leading down.
There is a stone staircase leading up here.
The air fills with toxic fumes!
As you read the scroll of poison, it crumbles to dust.
The goblin hits you with a +0 club.
* * * LOW HITPOINT WARNING * * *
The quokka closely misses you.
You shoot a sling bullet. The sling bullet hits the goblin.
The goblin is heavily wounded.
The quokka bites you.
* * * LOW HITPOINT WARNING * * *
The goblin closely misses you.
Unknown command.
You shoot a sling bullet. The sling bullet hits the goblin.
The goblin is almost dead.
The quokka bites you.
* * * LOW HITPOINT WARNING * * *
The goblin hits you with a +0 club.
You die...

#############
#o§§§§§§§§§§§
#§§o§§§§§§§§§
#o§o§§§§§§§§§
#§§o§§§§§§§§§
#§§§r§g§§§§§§
#§§§§@§§§§§§§
#§§§§§§§§§§§§
#§§§§§§§§§§§§
#§§§g§§§§§§§§
#§§§§§g§§§§§§
#§§§§§§§§§§§§
#§§g§§§§§§§§§
#§g§§§§§§§§§§


You could see an orc wizard, 4 gnolls, 4 orcs, a quokka and a goblin (strong).

Vanquished Creatures
  Jessica (D:2)
  2 dart slugs
  An orc (D:2)
  5 ball pythons
  An endoplasm (D:1)
  A giant cockroach (D:1)
  A goblin (D:1)
  7 hobgoblins
  3 jackals (D:1)
  5 kobolds
  2 quokkas
  3 bats (D:1)
  4 rats (D:1)
36 creatures vanquished.

Notes
Turn   | Place    | Note
-------+----------+-------------------------------------------
     0 | D:1      | Shayle the Ogre Hexslinger began the quest for the Orb.
     0 | D:1      | Reached XP level 1. HP: 19/19 MP: 2/2
   123 | D:1      | Reached XP level 2. HP: 28/28 MP: 4/4
   126 | D:1      | Reached skill level 2 in Fighting
   277 | D:1      | Reached skill level 1 in Unarmed Combat
   354 | D:1      | Reached XP level 3. HP: 32/36 MP: 6/6
  1050 | D:2      | Noticed Jessica
  1054 | D:2      | Killed Jessica
  1055 | D:2      | Reached skill level 3 in Fighting
  1055 | D:2      | Reached XP level 4. HP: 25/45 MP: 7/7
  1062 | D:2      | Noticed Robin
  1070 | D:3      | Slain by a goblin

Illustrated notes

Levels and vault maps discovered:
D:1:      minmay_arrival_jagged, layout_loops_ring
D:2:      cheibrodos_fertilizer, layout_basic,
          hellmonk_ecumenical_altar_blasted, minmay_ruptured,
          uniq_crazy_yiuf_cottage, uniq_jessica, uniq_robin
D:3:      layout_basic, kennysheep_orc_sif_temple

Skill      XL: |  1  2  3 |
---------------+----------+-----
Fighting       | 2 3 |  3.2
Unarmed Combat | 1 |  1.7
Spellcasting   | 2 |  2.6
Ranged Weapons | |  1.3
Dodging        | |  1.7
Hexes          | |  2.6
Fire Magic     | |  0.8

Action                     |  1- 3 |  4- 6 || total
---------------------------+-------+-------++-------
   Fire: Sling             |   125 |     6 ||   131
    Use: Scroll            |       |     1 ||     1
 Armour: Robe              |    58 |    16 ||    74
  Dodge: Dodged            |    48 |    12 ||    60

Table legend: (Time is in decaauts)
 A = Elapsed time spent in this place.
 B = Non-inter-level travel time spent in this place.
 C = Inter-level travel time spent in this place.
 D = Time resting spent in this place.
 E = Time spent auto-exploring this place.
 F = Levels seen in this place.
 G = Mean time per level.
                   A        B        C        D        E       F      G
               +--------+--------+--------+--------+--------+-----+--------+
         Total |   1112 |   1056 |     56 |      0 |    814 |   3 |  370.7 |
       Dungeon |   1112 |   1056 |     56 |      0 |    814 |   3 |  370.7 |
               +--------+--------+--------+--------+--------+-----+--------+

Top non-repeatable levels by time:
     D:1: 1047 daAuts
     D:2: 62 daAuts
     D:3: 3 daAuts
